 Dungeon Crawl Stone Soup version 0.27.0-1-g7a089689b8 (webtiles) character file.

Game seed: 12323720477777253903

175 Leibowitz the Sneak (level 5, -1/43 HPs)
             Began as a Naga Venom Mage on Aug 7, 2021.
             Slain by a black bear (9 damage)
             ... on level 3 of the Dungeon.
             The game lasted 00:12:04 (3047 turns).

Leibowitz the Sneak (Naga Venom Mage)               Turns: 3047, Time: 00:12:05

Health: -1/43      AC:  3    Str: 10    XL:     5   Next: 55%
Magic:  2/8        EV: 10    Int: 22    God:
Gold:   128        SH:  0    Dex: 12    Spells: 3/9 levels left

rFire    . . .     SeeInvis +   a - +1 dagger (holy)
rCold    . . .     Faith    .   (no shield)
rNeg     . . .     Spirit   .   m - +0 robe
rPois    +         Reflect  .   (no helmet)
rElec    .         Harm     .   i - +0 cloak
rCorr    .         Rampage  .   (no gloves)
Will     .....                  (no barding)
Stlth    +++.......             (no amulet)
HPRegen  0.14/turn              e - +6 ring of intelligence
MPRegen  0.11/turn              (no ring)

@: short of breath, very slow
A: AC +1, large, see invisible, deformed body, poison resistance, slowness 2,
spit poison 1, naga tail 1
a: Spit Poison


You were on level 3 of the Dungeon.
You visited 1 branch of the dungeon, and saw 3 of its levels.

You collected 128 gold pieces.

Inventory:

Hand Weapons
 a - a +1 dagger of holy wrath (weapon)
Armour
 i - a +0 cloak (worn)
 m - a +0 robe (worn)
Jewellery
 e - a +6 ring of intelligence (left hand)
Wands
 o - a wand of mindburst (14)
Scrolls
 d - a scroll of teleportation {unknown}
 h - 2 scrolls of identify {unknown}
 k - a scroll of immolation {unknown}
 l - 2 scrolls of noise {unknown}
 n - a scroll of amnesia {unknown}
Potions
 c - a potion of attraction {unknown}
 f - a potion of flight {unknown}
 g - a potion of invisibility {unknown}
 j - a potion of haste {unknown}


   Skills:
 + Level 0.4 Fighting
 + Level 2.3 Short Blades
 + Level 1.7 Dodging
 * Level 5.3 Stealth
 + Level 2.6 Spellcasting
 + Level 1.9 Transmutations
 + Level 0.4 Air Magic
 + Level 4.6 Poison Magic


You had 3 spell levels left.
You knew the following spells:

 Your Spells              Type           Power      Damage    Failure   Level
a - Sting                 Tmut/Pois      68%        1d6       3%          1
b - Poisonous Vapours     Pois/Air       26%        N/A       7%          2
c - Mephitic Cloud        Conj/Pois/Air  10%        N/A       19%         3

Your spell library contained the following spells:

 Spells                   Type           Power      Damage    Failure   Level
 Olgreb's Toxic Radiance  Pois           23%        N/A       19%         4


Dungeon Overview and Level Annotations

Branches:
Dungeon (3/15)

Altars:

Shops:
D:2 (


Innate Abilities, Weirdness & Mutations

Your serpentine skin is tough. (AC +1)
You have supernaturally acute eyesight. (SInv)
Armour fits poorly on your strangely shaped body.
Your system is resistant to poisons. (rPois)
You cover ground very slowly.
You can spit poison.
You have a snake-like lower body.


Message History

The black bear bites you.
* * * LOW HITPOINT WARNING * * *
The black bear closely misses you.
The black bear claws you but does no damage.
The black bear bites you.
* * * LOW HITPOINT WARNING * * *
The black bear claws you but does no damage.
The black bear claws you.
* * * LOW HITPOINT WARNING * * *
It was a potion of curing.
You feel better.
You have got your breath back.
The black bear bites you but does no damage.
The black bear claws you but does no damage.
The black bear claws you.
* * * LOW HITPOINT WARNING * * *
Press: ? - help, Shift-Dir - straight line, f/p - black bear
Aim: a black bear (moderately wounded, very poisoned)
The splash of poison hits the black bear.
The black bear is heavily wounded.
The black bear bites you.
* * * LOW HITPOINT WARNING * * *
The black bear claws you but does no damage.
The black bear barely misses you.
A goblin comes into view. It is wielding a +0 dagger.
The black bear closely misses you. The black bear barely misses you. x2
You have got your breath back.
The black bear goes berserk!
An orc comes into view. It is wielding a +0 club.
The black bear rages.
Press: ? - help, Shift-Dir - straight line, f/p - black bear
Aim: a black bear (severely wounded, berserk, poisoned)
The splash of poison hits the black bear.
The black bear is severely wounded.
The black bear bites you but does no damage.
The black bear claws you.
* * * LOW HITPOINT WARNING * * *
The black bear claws you.
* * * LOW HITPOINT WARNING * * *
You feel better. The black bear bites you!
You die...

#..# #...# #..#
##..####.########g.#
...................# #
##.#######.#######.##.#
##.# #....)........#
##.# #...######.#..#
#..# #.....# #.# # #.##
#.......####.# #.#
#.........@h.# #.##
#........##### ...#
##.....#.# #..#
##...##.# #..(.. ...##
# ##.#### .# .# .#


You could see a black bear (berserk, poisoned).

Vanquished Creatures
  A hound (D:2)
  Jessica (D:2)
  Ijyb (D:3)
  4 adders
  A worm (D:2)
  3 dart slugs
  An orc (D:3)
  5 endoplasms
  A giant cockroach (D:3)
  4 goblins
  5 hobgoblins
  3 jackals
  4 quokkas
  4 ball pythons
  2 bats (D:1)
  2 frilled lizards
  4 kobolds
  3 rats (D:1)
49 creatures vanquished.

Vanquished Creatures (others)
  2 plants (D:1)
2 creatures vanquished.

Grand Total: 51 creatures vanquished

Notes
Turn   | Place    | Note
-------+----------+-------------------------------------------
     0 | D:1      | Leibowitz the Naga Venom Mage began the quest for the Orb.
     0 | D:1      | Reached XP level 1. HP: 15/15 MP: 3/3
   382 | D:1      | Reached XP level 2. HP: 22/22 MP: 3/5
   543 | D:1      | Found a faded altar of an unknown god.
   550 | D:1      | Learned a level 2 spell: Poisonous Vapours
  1087 | D:1      | Reached XP level 3. HP: 3/28 MP: 4/6
  1553 | D:1      | Learned a level 3 spell: Mephitic Cloud
  1737 | D:2      | Reached skill level 1 in Short Blades
  1737 | D:2      | Reached skill level 4 in Stealth
  1737 | D:2      | Reached XP level 4. HP: 19/36 MP: 0/7
  1989 | D:2      | Found Cuxteid's Weapon Shoppe.
  2154 | D:2      | Noticed Jessica
  2160 | D:2      | Killed Jessica
  2161 | D:2      | Reached XP level 5. HP: 42/42 MP: 0/8
  2590 | D:3      | Reached skill level 5 in Stealth
  2775 | D:3      | Noticed Ijyb
  2783 | D:3      | Killed Ijyb
  3030 | D:3      | Noticed a black bear
  3046 | D:3      | HP: 2/43 [black bear (4)]
  3047 | D:3      | Slain by a black bear

Illustrated notes

Levels and vault maps discovered:
D:1:      wander_arrival_peaceful_grave, layout_basic, basic_ecumenical_altar,
          chequers_serial_rivers_room_a, serial_bayou_lagoon_a,
          minmay_hedge_maze, minmay_3d_cube
D:2:      layout_rooms, serial_shops, nicolae_square_shop, uniq_jessica
D:3:      layout_loops_ring, uniq_ijyb

Skill      XL: |  1  2  3  4  5 |
---------------+----------------+-----
Short Blades   | 1 2 |  2.3
Stealth        | 4 5 |  5.3
Fighting       | |  0.4
Dodging        | |  1.7
Spellcasting   | |  2.6
Transmutations | |  1.9
Air Magic      | |  0.4
Poison Magic   | |  4.6

Action                   |  1- 3 |  4- 6 || total
-------------------------+-------+-------++-------
Melee: Unarmed           |     5 |       ||     5
       Short sword       |    31 |    28 ||    59
       Dagger            |       |    35 ||    35
 Cast: Sting             |    22 |     4 ||    26
       Poisonous Vapours |     8 |     9 ||    17
       Mephitic Cloud    |     1 |     5 ||     6
 Abil: Spit Poison       |     2 |     3 ||     5
  Use: Potion            |       |     2 ||     2
 Stab: Sleeping          |     5 |     4 ||     9
       Confused          |       |     5 ||     5
Armor: Robe              |     4 |    22 ||    26
Dodge: Dodged            |    21 |    31 ||    52
